 Dungeon Crawl Stone Soup version 0.31-a0-845-g9abc20d24f (webtiles) character file.

Game seed: 13247629167448157837

42 Kurtz the Chopper (level 3, -2/26 HPs)
             Began as an Octopode Fighter on Oct 1, 2023.
             Slain by a gnoll
             ... wielding a +0 spear
              (9 damage)
             ... on level 2 of the Dungeon.
             The game lasted 00:00:22 (1173 turns).

Kurtz the Chopper (Octopode Fighter)                Turns: 1173, Time: 00:00:23

Health: -2/26      AC:  1    Str: 15    XL:     3   Next: 54%
Magic:  3/3        EV: 13    Int: 10    God:
Gold:   30         SH:  4    Dex: 13    Spells: 2/2 levels left

rFire   . . .        a - +0 war axe
rCold   . . .        b - +0 buckler
rNeg    . . .        (helmet restricted)
rPois   .            (no amulet)
rElec   .            (no ring)
rCorr   .            (no ring)
SInv    .            (no ring)
Will    .....        (no ring)
Stlth   ++           (no ring)
HPRegen 0.24/turn    (no ring)
MPRegen 0.08/turn    (no ring)
                     (no ring)

%: no passive effects
@: no status effects
A: almost no armour, amphibious, 8 rings, camouflage 1, gelatinous body 1,
(nimble swimmer 1), tentacles
a: no special abilities


You were on level 2 of the Dungeon.
You visited 1 branch of the dungeon, and saw 2 of its levels.

You collected 30 gold pieces.

Inventory:

Hand Weapons
 a - a +0 war axe (weapon)
Missiles
 d - 2 throwing nets
Armour
 b - a +0 buckler (worn)
Jewellery
 g - an amulet of the acrobat
Scrolls
 e - 2 scrolls of fear {unknown}
 i - 2 scrolls of fog {unknown}
Potions
 c - a potion of might
 f - 2 potions of haste {unknown}
 h - a potion of curing {unknown}
 j - a potion of resistance {unknown}


   Skills:
 - Level 3.0 Fighting
 * Level 3.8 Axes
 - Level 3.0 Dodging
 - Level 3.0 Shields


You had 2 spell levels left.
You didn't know any spells.
Your spell library was empty.

Dungeon Overview and Level Annotations

Branches:
Dungeon (2/15)

Altars:


Innate Abilities, Weirdness & Mutations

You cannot wear most types of armour.
You are amphibious.
You can wear up to eight rings at the same time.
Your skin changes colour to match your surroundings (Stealth+).
Your rubbery body absorbs attacks. (AC +1, EV +1)
((You are camouflaged when in or above water. (Stealth+)))
You have tentacles for arms and can constrict up to eight enemies at once.


Message History

There are monsters nearby!
The gnoll shouts!
Unknown command.
There are monsters nearby!
You hit the gnoll but do no damage. You grab the gnoll. You squeeze the gnoll.
The gnoll is lightly wounded.
You constrict the gnoll, but do no damage.
The gnoll closely misses you. You block the gnoll's attack.
Unknown command.
You hit the gnoll. You squeeze the gnoll!
You kill the gnoll!
You hit the gnoll.
You have reached level 3!
Your experience leads to an increase in your attributes!
Increase (S)trength, (I)ntelligence, or (D)exterity?
You feel agile. x2
You slash the gnoll! Your grab misses the gnoll.
The gnoll is severely wounded.
The gnoll hits you from afar with a +0 spear.
Unknown command.
You slash the gnoll!
You kill the gnoll!
The gnoll hits you from afar with a +0 spear.
The gnoll hits you from afar with a +0 spear!
* * * LOW HITPOINT WARNING * * *
The gnoll barely misses you.
There are monsters nearby!
You are too injured to fight recklessly!
Unknown command.
There are monsters nearby!
You are too injured to fight recklessly!
Unknown command.
You are too injured to fight recklessly!
You are too injured to fight recklessly!
Unknown command.
You hit the gnoll. Your grab misses the gnoll.
The gnoll is heavily wounded.
The gnoll misses you.
The gnoll hits you from afar with a +0 spear!
You die...

......#..## #..
#........ #...###
#...##........###......
##....#.......
#....#.## .....
.........>.#..#.##
#....#....# #####.....#
##....#....# #......
.....gg)...# ##.#.##
#@...# #.#... #.#..#
#.#.## #.#..# #.#.#
#.#..########.#.##
..#...............
###..########.#.##
#..########.#.#
#...........#.#
##.##########..


You could see 2 gnolls.

Vanquished Creatures
  2 gnolls (D:2)
  5 ball pythons (D:1)
  An endoplasm (D:1)
  2 hobgoblins (D:1)
  3 quokkas
  3 frilled lizards
  3 kobolds (D:1)
  4 rats (D:1)
23 creatures vanquished.

Notes
Turn   | Place    | Note
-------+----------+-------------------------------------------
     0 | D:1      | Kurtz the Octopode Fighter began the quest for the Orb.
     0 | D:1      | Reached XP level 1. HP: 16/16 MP: 1/1
   182 | D:1      | Reached XP level 2. HP: 21/21 MP: 2/2
  1171 | D:2      | Reached XP level 3. HP: 26/26 MP: 3/3
  1173 | D:2      | Slain by a gnoll

Illustrated notes

Levels and vault maps discovered:
D:1:      psy_arrival_heroes, layout_basic
D:2:      layout_basic

Skill      XL: |  1  2 |
---------------+-------+-----
Axes           | 3 |  3.8
Fighting       | |  3.0
Dodging        | |  3.0
Shields        | |  3.0

Action                     || total
---------------------------++-------
  Melee: War axe           ||    36
         Constrict         ||     8
         Tentacles         ||     6
   Stab: Sleeping          ||     7
 Armour: Skin              ||    14
  Dodge: Dodged            ||    15
  Block: Buckler           ||     5

Table legend: (Time is in decaauts)
 A = Elapsed time spent in this place.
 B = Non-inter-level travel time spent in this place.
 C = Inter-level travel time spent in this place.
 D = Time resting spent in this place.
 E = Time spent auto-exploring this place.
 F = Levels seen in this place.
 G = Mean time per level.
                   A        B        C        D        E       F      G
               +--------+--------+--------+--------+--------+-----+--------+
         Total |   1186 |   1112 |     74 |      0 |    987 |   2 |  593.0 |
       Dungeon |   1186 |   1112 |     74 |      0 |    987 |   2 |  593.0 |
               +--------+--------+--------+--------+--------+-----+--------+

Top non-repeatable levels by time:
     D:1: 989 daAuts
     D:2: 197 daAuts
